Map: Kairos Junction LE

Players

lIlIlIlIlIlI - Winner!

  • Race: Terran Terran
  • Spawn Location: 11:00

IIIIIIIIIIII

  • Race: Zerg Zerg
  • Spawn Location: 5:00

VOD

Have the link to the VOD?

Description

Time

  • Played on: Feb. 18, 2019, 12:56 p.m.
  • Length: 14:36
Show
View Real Time Build Order
Export as new Build Order

lIlIlIlIlIlI Terran - Winner!

Build Orders: Hellion Opening, Reaper Expand, Mech 

Get SALT Encoding   

  12  0:00  SCV  
  13  0:13  SCV  
  14  0:19  Supply Depot  
  14  0:25  SCV  
  15  0:41  SCV  
  16  0:42  Barracks  
  16  0:45  Refinery  
  16  0:53  SCV  
  17  1:05  SCV  
  18  1:17  SCV  
  19  1:30  Orbital Command, Reaper  
  20  1:41  Command Center  
  20  1:50  Supply Depot  
  20  1:55  SCV  
  21  2:02  Marine  
  21  2:07  SCV  
  23  2:10  Factory  
  23  2:14  Refinery  
  23  2:19  SCV  
  23  2:22  Barracks Reactor  
  24  2:31  SCV  
  25  2:43  SCV  
  26  2:54  Orbital Command  
  26  2:56  SCV  
  27  2:58  Starport  
  27  3:04  Hellion x2  
  30  3:08  SCV, Barracks Tech Lab  
  31  3:20  SCV  
  31  3:21  SCV  
  31  3:25  Supply Depot  
  31  3:26  Hellion x2  
  37  3:32  SCV  
  37  3:33  SCV  
  39  3:44  SCV  
  39  3:45  SCV  
  39  3:48  Hellion x2, Viking  
  46  3:57  SCV x2  
  46  4:01  Barracks Tech Lab  
  43  4:03  Marine  
  43  4:09  SCV x2  
  46  4:10  Supply Depot  
  46  4:11  Hellion x2  
  50  4:18  Raven  
  50  4:21  SCV x2  
  54  4:33  Command Center, SCV  
  54  4:34  SCV  
  54  4:36  Hellion x2  
  60  4:40  Supply Depot  
  60  4:45  SCV  
  61  4:46  SCV  
  61  4:52  Refinery  
  62  4:54  Refinery  
  62  5:01  SCV  
  62  5:02  SCV  
  68  5:12  Command Center  
  68  5:14  SCV x2  
  66  5:31  Liberator  
  66  5:33  Siege Tank  
  66  5:34  Marine  
  70  5:36  Marine  
  70  5:39  Supply Depot  
  70  5:40  Bunker  
  70  5:41  Bunker  
  69  5:45  Factory x2  
  69  5:46  Factory  
  69  5:47  Factory  
  70  6:00  Marine x2, SCV x2  
  70  6:10  Cyclone  
  69  6:12  SCV x2  
  70  6:24  SCV x2  
  70  6:27  Command Center  
  69  6:37  SCV x2  
  72  6:45  Mag-Field Accelerator  
  64  6:48  Factory Tech Lab  
  64  6:49  Factory Tech Lab, SCV x2  
  64  6:50  Factory Tech Lab  
  66  6:56  Cyclone  
  66  6:58  Hellion x2  
  66  7:01  SCV x2  
  75  7:07  Cyclone  
  75  7:08  Cyclone  
  81  7:13  SCV x2  
  83  7:19  Supply Depot  
  83  7:20  Supply Depot, Refinery, Orbital Command  
  83  7:21  Refinery  
  83  7:24  Supply Depot, Cyclone  
  83  7:25  SCV  
  83  7:28  Cyclone, SCV  
  91  7:37  SCV  
  91  7:39  Starport Reactor  
  91  7:40  Cyclone  
  95  7:45  Engineering Bay  
  95  7:46  Cyclone, SCV  
  95  7:47  SCV  
  95  7:50  SCV, Infernal Pre-Igniter  
  101  7:56  Cyclone  
  101  7:58  SCV  
  105  7:59  SCV  
  105  8:00  Cyclone  
  105  8:02  SCV  
  110  8:07  Hellion  
  110  8:08  Hellion  
  110  8:10  SCV  
  110  8:11  Armory x2, SCV  
  116  8:14  SCV  
  116  8:17  Supply Depot x2  
  117  8:22  SCV  
  117  8:24  Planetary Fortress, SCV  
  117  8:26  SCV  
  119  8:27  Refinery  
  119  8:29  Refinery  
  122  8:34  Cyclone x2  
  122  8:35  Cyclone  
  122  8:36  SCV x2  
  122  8:40  Cyclone  
  129  8:43  SCV  
  128  8:52  SCV  
  129  9:01  Hellion x2  
  133  9:06  Cyclone  
  133  9:07  Liberator x2  
  134  9:12  SCV x3  
  134  9:13  Cyclone x2  
  134  9:15  Cyclone  
  130  9:22  SCV  
  130  9:23  Hellion  
  132  9:30  Supply Depot  
  136  9:40  Refinery  
  127  9:50  Supply Depot x2  
  127  9:51  Cyclone  
  127  9:52  Cyclone x2, Hellion  
  138  9:56  Hellion  
  140  10:04  Hellion  
  134  10:13  Hellion  
  133  10:15  Liberator  
  131  10:23  Cyclone  
  131  10:24  Cyclone x2  
  131  10:27  Hellion  
  127  10:29  Liberator  
  127  10:31  Hellion  
  127  10:34  Hellion  
  127  10:35  Command Center  
  125  10:49  Hellion  
  127  10:56  Cyclone x2  
  135  10:57  Cyclone  
  135  10:58  Factory Tech Lab  
  135  10:59  SCV x2, Hellion  
  135  11:00  SCV  
  135  11:03  Missile Turret x2  
  141  11:10  Hellion  
  140  11:12  Liberator  
  140  11:18  Cyclone  
  143  11:28  Cyclone x2  
  143  11:29  Cyclone  
  146  11:41  Hellion  
  146  11:44  Liberator  
  129  11:50  Cyclone  
  123  11:56  SCV x3  
  123  11:57  SCV  
  123  12:00  Cyclone x2  
  132  12:01  Cyclone  
  132  12:11  SCV x3  
  128  12:16  Hellion x2  
  118  12:23  Cyclone, SCV  
  113  12:32  Cyclone x2  
  113  12:34  Hellion  
  113  12:36  Terran Vehicle Weapons Level 1, Terran Vehicle And Ship Armor Level 1  
  121  12:37  Hellion  
  121  12:38  Hellion  
  121  12:39  Liberator  
  125  12:52  Command Center, Missile Turret  
  125  12:55  Cyclone x2  
  130  12:59  Hellion  
  130  13:00  Planetary Fortress, Hellion  
  130  13:04  Cyclone x2, SCV x2  
  129  13:18  Missile Turret  
  124  13:20  Hellion  
  124  13:21  Hellion  
  128  13:27  Cyclone, Hellion  
  128  13:33  SCV  
  128  13:34  SCV x2  
  136  13:36  Cyclone  
  136  13:37  Hellion  
  140  13:41  Hellion  
  140  13:42  Hellion  
  140  13:45  SCV  
  145  13:48  Cyclone  
  145  13:57  Missile Turret  
  145  13:58  Cyclone  
  145  13:59  Hellion  
  152  14:03  Hellion  
Show
View Real Time Build Order
Export as new Build Order

IIIIIIIIIIII Zerg 

Build Orders: Hatch First 

Get SALT Encoding   

  12  0:01  Drone  
  13  0:12  Overlord  
  13  0:20  Drone  
  14  0:31  Drone  
  14  0:32  Drone  
  16  0:49  Hatchery  
  15  0:51  Drone  
  15  0:55  Drone  
  17  1:00  Drone  
  18  1:09  Extractor  
  17  1:14  Spawning Pool  
  17  1:17  Drone  
  17  1:20  Drone  
  18  1:27  Drone  
  19  1:38  Drone  
  20  1:49  Overlord  
  20  2:01  Queen  
  20  2:02  Zergling x4, Queen  
  26  2:10  Drone  
  26  2:11  Metabolic Boost  
  27  2:21  Drone  
  28  2:25  Extractor  
  28  2:28  Drone x2  
  29  2:36  Overlord, Drone  
  31  2:44  Hatchery  
  30  3:03  Overlord, Drone x3  
  33  3:08  Queen  
  33  3:10  Drone x3  
  38  3:18  Drone x2  
  38  3:19  Drone x2  
  41  3:32  Zergling x4  
  43  3:47  Zergling x10  
  45  3:58  Zergling x10  
  45  4:02  Lair  
  47  4:03  Drone  
  47  4:05  Queen  
  50  4:10  Drone  
  50  4:11  Queen, Drone  
  54  4:19  Drone x3  
  54  4:20  Overlord x2  
  54  4:23  Overlord  
  57  4:26  Extractor  
  57  4:27  Extractor  
  57  4:28  Overlord  
  55  4:34  Overlord  
  55  4:40  Roach Warren  
  55  4:42  Overlord  
  46  5:09  Drone x2  
  46  5:10  Drone x3  
  48  5:15  Drone x6  
  48  5:20  Roach x6  
  66  5:26  Roach  
  66  5:27  Roach x2  
  71  5:33  Roach x2  
  75  5:39  Overlord  
  75  5:42  Drone x2  
  77  5:48  Extractor  
  76  5:51  Drone x2  
  73  6:05  Drone  
  73  6:06  Drone x5  
  73  6:10  Drone  
  80  6:18  Drone x8  
  70  6:45  Drone x9  
  73  6:53  Glial Reconstitution, Evolution Chamber  
  80  7:01  Roach x5  
  80  7:10  Roach  
  80  7:11  Evolution Chamber  
  80  7:13  Drone  
  80  7:14  Hatchery  
  81  7:16  Roach  
  81  7:18  Roach x3  
  81  7:20  Zerg Ground Armor Level 1  
  81  7:22  Roach x2  
  95  7:23  Roach x2  
  95  7:25  Overlord x4  
  97  7:36  Drone  
  98  7:37  Extractor, Drone  
  98  7:40  Extractor  
  97  7:45  Drone x3  
  97  7:47  Zerg Missile Weapons Level 1  
  100  7:58  Drone x3  
  103  8:03  Overlord x2  
  103  8:05  Roach x5  
  113  8:07  Hatchery  
  113  8:10  Infestation Pit  
  111  8:17  Roach  
  111  8:18  Roach x8  
  129  8:29  Roach x6  
  141  8:45  Roach x6  
  141  8:46  Tunneling Claws  
  141  8:47  Burrow  
  147  8:58  Roach x2  
  116  9:19  Roach  
  116  9:20  Roach x11  
  130  9:32  Roach x8  
  126  9:42  Roach x5  
  126  9:43  Roach x5  
  130  9:46  Ravager x4  
  130  9:47  Ravager  
  130  9:49  Roach x4  
  143  9:53  Roach x2  
  143  9:54  Ravager x2  
  149  10:10  Roach x2  
  149  10:11  Roach x6  
  125  10:30  Roach  
  125  10:31  Roach x9  
  125  10:32  Roach x16  
  128  10:45  Roach x7  
  128  10:46  Roach x13  
  128  10:48  Roach x9  
  128  10:49  Roach x4  
  142  10:55  Roach x5  
  146  10:59  Zerg Missile Weapons Level 2  
  146  11:02  Infestor  
  120  11:20  Roach x9  
  134  11:28  Roach x2  
  134  11:32  Ravager  
  135  11:33  Ravager  
  135  11:34  Roach x7  
  116  11:52  Roach x8  
  115  11:57  Roach x3  
  115  11:59  Swarm Host  
  115  12:00  Roach x2  
  109  12:08  Roach x8  
  92  12:18  Roach x8  
  98  12:25  Roach x3  
  98  12:34  Roach x8  
  106  12:44  Roach x7  
  106  12:50  Roach x7  
  106  12:51  Roach x3  
  116  12:52  Roach x2  
  116  12:59  Roach  
  108  13:11  Roach  
  101  13:13  Roach x10  
  116  13:22  Ravager x4  
  116  13:25  Roach x4  
  116  13:26  Roach  
  116  13:27  Roach x2  
  104  13:34  Queen  
  95  13:42  Drone x3  
  95  13:52  Roach x16  
  86  13:57  Drone x3  
  86  13:59  Roach x9  
Tags
 
Add a new tag
Caveats
  • Supply blocks, unpowered buildings, or Contaminate may cause inaccurate times.
  • Supply counts are checked every 10 seconds.